 Dungeon Crawl Stone Soup version 0.31-a0-187-gba352fbbf7 (webtiles) character file.

Game seed: 171376731707414101

38 qw the Shooter (level 3, 0/20 HPs)
             Began as a Deep Elf Hunter on June 22, 2023.
             Slain by a hobgoblin (4 damage)
             ... led by Robin
             ... on level 2 of the Dungeon.
             The game lasted 00:00:22 (949 turns).

qw the Shooter (Deep Elf Hunter)                     Turns: 949, Time: 00:00:23

Health: 0/20       AC:  5    Str: 10    XL:     3   Next: 25%
Magic:  5/5        EV: 11    Int: 13    God:
Gold:   30         SH:  0    Dex: 18    Spells: 2/2 levels left

rFire   . . .        Y - +0 shortbow
rCold   . . .        (shield currently unavailable)
rNeg    . . .        f - +0 ring mail
rPois   .            (no helmet)
rElec   .            (no cloak)
rCorr   .            (no gloves)
SInv    .            (no boots)
Will    .....        (no amulet)
Stlth   +            (no ring)
HPRegen 0.23/turn    (no ring)
MPRegen 0.09/turn

%: no passive effects
@: no status effects
A: no striking features
a: no special abilities


You were on level 2 of the Dungeon.
You visited 1 branch of the dungeon, and saw 2 of its levels.

You collected 30 gold pieces.


   Skills:
 - Level 1.5 Fighting
 + Level 6.8 Ranged Weapons
 - Level 2.4 Dodging
 - Level 1.2 Stealth


You had 2 spell levels left.
You didn't know any spells.
Your spell library was empty.

Inventory:

Hand Weapons
 Y - a +0 shortbow (weapon)
Armour
 f - a +0 ring mail (worn)
Scrolls
 a - a scroll of summoning {unknown}
Potions
 e - a potion of curing {unknown}
 i - a potion of resistance {unknown}

Dungeon Overview and Level Annotations

Branches:
Dungeon (2/15)

Altars:


Message History

The goblin hits you but does no damage. The goblin hits you with a +0 club.
A goblin comes into view. It is wielding a +0 dagger.
You shoot an arrow. The arrow closely misses the goblin.
The goblin shouts!
You hear a shout!
The hobgoblin hits you but does no damage.
The goblin barely misses you. The goblin hits you but does no damage.
The goblin hits you with a +0 club.
You hear a shout!
You shoot an arrow. The arrow barely misses the goblin.
The goblin hits you with a +0 dagger. The goblin hits you but does no damage.
The goblin misses you. The hobgoblin misses you.
You shoot an arrow. The arrow barely misses the goblin.
A hobgoblin comes into view.
The hobgoblin hits you.
A goblin comes into view. It is wielding a +0 dagger.
The goblin hits you but does no damage. The goblin closely misses you.
You shoot an arrow. The arrow closely misses the goblin.
The hobgoblin shouts!
The hobgoblin misses you. The goblin barely misses you.
The goblin hits you with a +0 club. The goblin hits you but does no damage.
You shoot an arrow. The arrow hits the goblin!
You kill the goblin!
A goblin comes into view. It is wielding a +0 dagger.
The hobgoblin barely misses you.
The goblin hits you but does no damage. x3
The hobgoblin closely misses you. The goblin barely misses you.
The goblin closely misses you.
You shoot an arrow. The arrow hits the goblin!
You kill the goblin!
The hobgoblin closely misses you. The goblin hits you with a +0 club.
The goblin barely misses you.
You shoot an arrow. The arrow hits the goblin!
You kill the goblin!
A jackal comes into view.
The goblin hits you but does no damage. The goblin misses you.
The hobgoblin closely misses you.
You shoot an arrow. The arrow closely misses the hobgoblin.
The hobgoblin hits you. The goblin misses you.
The goblin hits you with a +0 dagger. The hobgoblin hits you.
You die...

...# ...# ... ...# ...
...### ...
.....############.#
#....##...........#
#....##...........######
#....##.........gg.g..).
#....#.%........@gg#
######.....<....g#.#
#.#..%........# h.
#.#...........# ##
####.#.########.....
................####
###.##.########..
.......# #.## ........
#.#


You could see a jackal, 2 hobgoblins and 4 goblins.

Vanquished Creatures
  2 dart slugs (D:1)
  A worm (D:2)
  3 ball pythons
  An endoplasm (D:1)
  2 giant cockroaches
  5 goblins
  6 hobgoblins
  A kobold (D:1)
  A quokka (D:2)
  2 bats (D:1)
  2 frilled lizards
  2 rats
28 creatures vanquished.

Notes
Turn   | Place    | Note
-------+----------+-------------------------------------------
     0 | D:1      | qw the Deep Elf Hunter began the quest for the Orb.
     0 | D:1      | Reached XP level 1. HP: 12/12 MP: 3/3
     0 | D:1      | 0 ||| qw: Version: 0.3-a-9-g12657ce
     0 | D:1      | 0 ||| qw: Game counter: 1985
     0 | D:1      | 0 ||| qw: Always use a shield: true
     0 | D:1      | 0 ||| qw: God list: Okawaru
     0 | D:1      | 0 ||| qw: Allow faded altars: false
     0 | D:1      | 0 ||| qw: Do Orc after D:15 true
     0 | D:1      | 0 ||| qw: Do second Lair branch before Depths: true
     0 | D:1      | 0 ||| qw: Lair rune preference: random
     0 | D:1      | 0 ||| qw: Plans: Normal
     0 | D:1      | 0 ||| PLANNING D:1-11
   318 | D:1      | Reached XP level 2. HP: 16/16 MP: 4/4
   320 | D:1      | Reached skill level 6 in Ranged Weapons
   583 | D:1      | 583 ||| UPGRADING to +0 ring mail.
   593 | D:1      | 593 ||| DROPPING +0 leather armour.
   594 | D:1      | 594 ||| READING scroll labelled QYRIR ABIGOLODEETH.
   595 | D:1      | 595 ||| READING scroll labelled YCWOEGHE COLINK.
   596 | D:1      | 596 ||| READING scroll labelled LIVISO UVVA.
   600 | D:1      | 600 ||| READING scroll labelled ZIESIC ALORAY.
   601 | D:1      | 601 ||| DROPPING scroll of butterflies.
   619 | D:2      | 619 ||| STAIRDANCE
   757 | D:2      | Reached XP level 3. HP: 20/20 MP: 5/5
   949 | D:2      | HP: 4/20 [goblin/+0 dagger[Robin] (2)]
   949 | D:2      | Slain by a hobgoblin

Levels and vault maps discovered:
D:1:      beargit_arrival_diablo_church, layout_basic
D:2:      layout_basic, minmay_vboxes, uniq_robin

Skill      XL: |  1  2 |
---------------+-------+-----
Ranged Weapons | 6 |  6.8
Fighting       | |  1.5
Dodging        | |  2.4
Stealth        | |  1.2

Action                     || total
---------------------------++-------
   Fire: Shortbow          ||    83
    Use: Scroll            ||     4
 Armour: Leather armour    ||     3
         Ring mail         ||    14
  Dodge: Dodged            ||    31

Table legend:
 A = Non-vault XP
 B = Vault XP
 C = Vault XP percentage of total XP
 D = Non-vault monster count
 E = Vault monster count
 F = Vault count percentage of total count
                 A         B        C        D         E       F
            +---------+---------+-------+---------+---------+-------
      Total |      44 |      11 |  20.0 |      22 |       6 |  21.4
            +---------+---------+-------+---------+---------+-------
        D:1 |      29 |       1 |   3.3 |      14 |       1 |   6.7
        D:2 |      15 |      10 |  40.0 |       8 |       5 |  38.5
            +---------+---------+-------+---------+---------+-------
